 Dungeon Crawl Stone Soup version 0.31-a0-229-g1fc7ce93e2 (webtiles) character file.

Game seed: 7664513806938296334

135 qw the Shooter (level 4, -1/37 HPs)
             Began as a Minotaur Hexslinger on July 6, 2023.
             Slain by an orc
             ... wielding a +0 dagger
              (4 damage)
             ... on level 4 of the Dungeon.
             The game lasted 00:00:51 (2261 turns).

qw the Shooter (Minotaur Hexslinger)                Turns: 2261, Time: 00:00:52

Health: -1/37      AC:  5    Str: 12    XL:     4   Next: 96%
Magic:  4/4        EV: 11    Int: 10    God:
Gold:   224        SH:  0    Dex: 15    Spells: 4/5 levels left

rFire   . . .        Y - +1 sling
rCold   + . .        (no shield)
rNeg    . . .        d - +0 ring mail
rPois   +            (helmet restricted)
rElec   .            (no cloak)
rCorr   .            (no gloves)
SInv    .            (no boots)
Will    .....        r - amulet of faith
Stlth   +            m - ring of protection from cold
HPRegen 0.26/turn    n - ring of poison resistance
MPRegen 0.09/turn

%: faith
@: about to teleport
A: horns 2, retaliatory headbutt
a: no special abilities


You were on level 4 of the Dungeon.
You visited 1 branch of the dungeon, and saw 4 of its levels.

You collected 224 gold pieces.


Innate Abilities, Weirdness & Mutations

You have a pair of horns on your head.
You reflexively headbutt those who attack you in melee.


   Skills:
 + Level 2.7 Fighting
 - Level 5.0 Ranged Weapons
 - Level 1.1 Armour
 - Level 2.1 Dodging
 - Level 1.0 Spellcasting
 - Level 2.0 Hexes


You had 4 spell levels left.
You knew the following spells:

 Your Spells              Type           Power      Damage    Failure   Level
a - Slow                  Hex            16%        N/A       34%         1

Your spell library contained the following spells:

 Spells                   Type           Power      Damage    Failure   Level
 Inner Flame              Hex/Fire       2%         N/A       83%         3
 Portal Projectile        Hex/Tloc       4%         N/A       83%         3
 Cause Fear               Hex            2%         N/A       98%         4

Inventory:

Hand Weapons
 Y - a +1 sling (weapon)
Armour
 d - a +0 ring mail (worn)
Jewellery
 m - a ring of protection from cold (left hand)
 n - a ring of poison resistance (right hand)
 r - an amulet of faith (around neck)
Scrolls
 a - a scroll of identify
Potions
 e - a potion of curing
 g - a potion of cancellation {unknown}
 h - a potion of haste {unknown}
 i - a potion of degeneration {unknown}
 j - a potion of magic {unknown}
 k - a potion of heal wounds {unknown}
 l - a potion of lignification {unknown}
 q - a potion of attraction {unknown}

Dungeon Overview and Level Annotations

Branches:
Dungeon (4/15)
 Temple: D:4-7

Altars:


Message History

The orc hits you but does no damage. The orc closely misses you.
You furiously retaliate!
You headbutt the orc. The orc hits you but does no damage.
You shoot a sling bullet. The sling bullet barely misses the orc.
The orc hits you with a +0 dagger of speed.
The orc hits you but does no damage. The orc barely misses you. x2
The orc misses you.
You shoot a sling bullet. The sling bullet hits the orc priest.
The orc priest is severely wounded.
The orc hits you but does no damage.
The orc priest hits you with a +0 hand axe.
The orc hits you but does no damage.
The orc hits you with a +0 dagger of speed.
You shoot a sling bullet. The sling bullet hits the orc priest.
The orc priest is almost dead.
The orc priest mumbles some strange prayers to Beogh against you.
Beogh smites you! The orc hits you with a +0 dagger.
The orc hits you with a +0 dagger of speed.
The orc hits you but does no damage.
You shoot a sling bullet.
The sling bullet barely misses the orc priest.
The orc priest hits you with a +0 hand axe.
The orc hits you with a +0 dagger. The orc hits you but does no damage.
2259 ||| READING scroll of teleportation.
As you read the scroll of teleportation, it crumbles to dust.
You feel strangely unstable.
The orc priest hits you but does no damage.
The orc hits you but does no damage. x3
You shoot a sling bullet.
The sling bullet hits the orc priest but does no damage.
The orc priest is almost dead.
The orc priest miscasts a cantrip.
The orc hits you with a +0 dagger. The orc hits you but does no damage. x2
The orc hits you with a +0 dagger. The orc priest closely misses you.
You shoot a sling bullet.
The sling bullet barely misses the orc priest.
The orc closely misses you.
The orc priest hits you with a +0 hand axe.
The orc hits you with a +0 dagger.
You die...

...}.##...)..
.........#...
....###.....#
..###.....#..
###.......# .
###............
#####..............
###o..........#......
#..o@.....##.#.......
#..o........###.#....
...............#
###...
#.......#.....#.# ...
..........##..#...
.......#.......###
#....##...##....
.##.. ... ..


You could see an orc priest and 2 orcs.

Vanquished Creatures
  Jessica (D:2)
  An orc wizard (D:3)
  3 adders
  2 dart slugs (D:1)
  2 orcs (D:3)
  3 bats
  5 endoplasms
  3 giant cockroaches
  6 goblins
  5 hobgoblins
  A jackal (D:4)
  5 quokkas
  5 ball pythons
  3 frilled lizards
  A kobold (D:1)
  3 rats
49 creatures vanquished.

Notes
Turn   | Place    | Note
-------+----------+-------------------------------------------
     0 | D:1      | qw the Minotaur Hexslinger began the quest for the Orb.
     0 | D:1      | Reached XP level 1. HP: 16/16 MP: 1/1
     0 | D:1      | 0 ||| qw: Version: 0.3-a-46-gb1f654a
     0 | D:1      | 0 ||| qw: Game counter: 1471
     0 | D:1      | 0 ||| qw: Melee chars always use a shield: true
     0 | D:1      | 0 ||| qw: God list: Okawaru
     0 | D:1      | 0 ||| qw: Allow faded altars: false
     0 | D:1      | 0 ||| qw: Do Orc after clearing Dungeon:15 true
     0 | D:1      | 0 ||| qw: Do second Lair branch before Depths: true
     0 | D:1      | 0 ||| qw: Lair rune preference: random
     0 | D:1      | 0 ||| qw: Goals: Normal
     0 | D:1      | 0 ||| PLANNING D:1-11
   117 | D:1      | Reached skill level 3 in Ranged Weapons
   137 | D:1      | Reached XP level 2. HP: 23/23 MP: 2/2
   451 | D:1      | 451 ||| UPGRADING to +0 ring mail.
   461 | D:1      | 461 ||| DROPPING +0 robe.
   462 | D:1      | 462 ||| READING 2 scrolls labelled RUVVEI REDALAMP.
   463 | D:1      | 463 ||| READING scroll labelled TUIF SUSIMUD.
   468 | D:1      | 468 ||| READING scroll labelled WONTOIQABI.
   469 | D:1      | 469 ||| READING scroll labelled MEACWE DAEXADIRU.
   470 | D:1      | 470 ||| DROPPING scroll of poison.
   502 | D:2      | Reached XP level 3. HP: 29/29 MP: 3/3
   516 | D:2      | Noticed Jessica
   520 | D:2      | Killed Jessica
   521 | D:2      | Reached skill level 4 in Ranged Weapons
   618 | D:2      | Reached skill level 1 in Armour
   727 | D:2      | Reached XP level 4. HP: 36/36 MP: 4/4
  1368 | D:2      | 1368 ||| READING scroll labelled SEERUTWEINK.
  1574 | D:3      | Reached skill level 5 in Ranged Weapons
  1994 | D:3      | 1994 ||| UPGRADING to amulet of faith.
  1999 | D:3      | 1999 ||| UPGRADING to ring of protection from cold.
  2000 | D:3      | 2000 ||| UPGRADING to ring of poison resistance.
  2001 | D:3      | 2001 ||| DROPPING ring of flight.
  2002 | D:3      | 2002 ||| READING scroll labelled DIADIT FIEWNACH.
  2064 | D:3      | 2064 ||| READING scroll labelled KAILECZ TERPH.
  2165 | D:3      | 2165 ||| READING 3 scrolls of identify.
  2165 | D:3      | 2165 ||| IDENTIFYING smoky coppery potion
  2166 | D:3      | 2166 ||| READING 2 scrolls of identify.
  2166 | D:3      | 2166 ||| IDENTIFYING fizzy pink potion
  2167 | D:3      | 2167 ||| DROPPING potion of berserk rage.
  2258 | D:4      | HP: 8/37 [orc priest/+0 hand axe (4)]
  2259 | D:4      | 2259 ||| READING scroll of teleportation.
  2261 | D:4      | HP: 3/37 [orc priest/+0 hand axe (1)]
  2261 | D:4      | Slain by an orc

Levels and vault maps discovered:
D:1:      eino_arrival_water_star, layout_rooms, minmay_pentomino_r4
D:2:      layout_loops_corners, serial_forest, infiniplex_forest_end_1,
          infiniplex_forest_clump_diagonal, infiniplex_forest_straight_2,
          infiniplex_forest_straight_4, infiniplex_forest_zigzag_2,
          infiniplex_forest_corner_2, infiniplex_forest_clump_tiny,
          chequers_arboretum, glass_columns_c, uniq_jessica
D:3:      layout_rooms
D:4:      minmay_skewed_foursquare, layout_layer_cave, minitemple,
          ebering_ghost_reflecting_pool

Skill      XL: |  1  2  3  4 |
---------------+-------------+-----
Ranged Weapons | 3 4 5 |  5.0
Fighting       | 2 |  2.7
Armour         | 1 |  1.1
Dodging        | |  2.1
Spellcasting   | |  1.0
Hexes          | |  2.0

Action                     |  1- 3 |  4- 6 || total
---------------------------+-------+-------++-------
   Fire: Sling             |    85 |   107 ||   192
    Use: Scroll            |     4 |     6 ||    10
 Armour: Robe              |     4 |       ||     4
         Ring mail         |     2 |    39 ||    41
  Dodge: Dodged            |    26 |    25 ||    51

Table legend:
 A = Non-vault XP
 B = Vault XP
 C = Vault XP percentage of total XP
 D = Non-vault monster count
 E = Vault monster count
 F = Vault count percentage of total count
                 A         B        C        D         E       F
            +---------+---------+-------+---------+---------+-------
      Total |     148 |      45 |  23.3 |      44 |       5 |  10.2
            +---------+---------+-------+---------+---------+-------
        D:1 |      34 |       6 |  15.0 |      17 |       3 |  15.0
        D:2 |      32 |      37 |  53.6 |      12 |       1 |   7.7
        D:3 |      69 |       0 |   0.0 |      14 |       0 |   0.0
        D:4 |      13 |       2 |  13.3 |       1 |       1 |  50.0
            +---------+---------+-------+---------+---------+-------
